 Dungeon Crawl Stone Soup version 0.30-a0-591-g3c58d2bc28 (webtiles) character file.

Game seed: 9786744708551614476

1477 sokol815 the Sneak (level 8, 0/63 HPs)
             Began as a Vine Stalker Brigand on Jan 5, 2023.
             Was an Initiate of Gozag.
             Succumbed to a killer bee's poison
             ... on level 7 of the Dungeon.
             The game lasted 00:11:42 (4931 turns).

sokol815 the Sneak (Vine Stalker Brigand)           Turns: 4931, Time: 00:11:43

Health: 0/63       AC: 24    Str: 16    XL:     8   Next: 78%
Magic:  1/9        EV:  2    Int: 17    God:    Gozag
Gold:   268        SH:  0    Dex: 21    Spells: 4/7 levels left

rFire   . . .      SeeInvis .    a - +3 spear of the Loving King {vamp, Str+3 Dex+2}
rCold   . . .      Faith    .    (no shield)
rNeg    . . .      Spirit   +    (body armour currently unavailable)
rPois   +          Reflect  .    (helmet currently unavailable)
rElec   .          Harm     .    (cloak currently unavailable)
rCorr   .          Rampage  .    (gloves currently unavailable)
Will    +....      NoTele   +    (boots currently unavailable)
Stlth   ++++                     (no amulet)
HPRegen 1.10/turn                z - +6 ring of intelligence
MPRegen 0.11/turn                (no ring)

@: lethally poisoned (0 -> -2), tree-form, gold aura, studying Short Blades
A: stationary, stasis, torment immunity, boosted hp, (fangs 3), regeneration 1,
magic shield, (antimagic bite), no potion heal 2
a: Renounce Religion, Potion Petition, Call Merchant, Bribe Branch


You were on level 7 of the Dungeon.
You worshipped Gozag.
Gozag was aware of your devotion.
You were a tree.
You visited 2 branches of the dungeon, and saw 8 of its levels.

You collected 366 gold pieces.
You paid 98 gold pieces to Gozag.

Inventory:

Hand Weapons
 a - the +3 spear of the Loving King (weapon) {vamp, Str+3 Dex+2}
   (You took it off a gnoll on level 3 of the Dungeon)

   Str:       It affects your strength (+3).
   Dex:       It affects your dexterity (+2).
 g - a +1 short sword of venom
   (You took it off a kobold on level 1 of the Dungeon)
 l - a +2 dagger
 p - a +0 morningstar
   (You found it on level 3 of the Dungeon)
 v - a +1 spear of venom
   (You took it off a gnoll on level 3 of the Dungeon)
 y - a +1 dagger of draining
   (You took it off a goblin on level 4 of the Dungeon)
 B - a +0 glaive of flaming
   (You found it on level 5 of the Dungeon)
Missiles
 d - 17 poisoned darts
 e - 3 curare-tipped darts
 r - 2 throwing nets {!d}
 s - 60 stones
Armour
 b - a +0 robe
 c - a +1 cloak
 j - a +0 helmet (melded)
   (You found it on level 1 of the Dungeon)
 m - a +1 pair of gloves (melded)
   (You found it on level 1 of the Dungeon)
 n - a +0 leather armour
   (You found it on level 2 of the Dungeon)
 o - a +0 scale mail
   (You found it on level 2 of the Dungeon)
 w - a +2 ring mail of cold resistance
   (You found it on level 4 of the Dungeon)
 C - the +3 ring mail of the Spheres (melded) {Int+7}
   (You found it on level 5 of the Dungeon)

   Int:       It affects your intelligence (+7).
 D - a scarf of harm
   (You found it on level 6 of the Dungeon)
 F - a +2 cloak (melded)
   (You took it off Crazy Yiuf on level 6 of the Dungeon)
Magical Staves
 f - a staff of earth
   (You found it on level 3 of the Dungeon)
 t - a staff of conjuration
   (You found it on level 3 of the Dungeon)
Jewellery
 u - a +6 ring of strength
   (You found it on level 3 of the Dungeon)
 z - a +6 ring of intelligence (left branch)
   (You found it on level 1 of the Dungeon)
Wands
 q - a wand of flame (13)
   (You took it off a gnoll on level 3 of the Dungeon)
 E - a wand of roots (13)
   (You took it off Crazy Yiuf on level 6 of the Dungeon)
Scrolls
 h - 2 scrolls of enchant armour
 k - a scroll of amnesia
 x - a scroll of brand weapon
 A - a scroll of poison {!r}
 Y - 5 scrolls of teleportation {@r3}
Potions
 i - a potion of magic
 H - a potion of haste
 I - a potion of invisibility
 L - a potion of flight


   Skills:
 + Level 4.9 Fighting
 - Level 3.6 Short Blades
 * Level 5.8 Polearms
 - Level 1.7 Throwing
 + Level 1.7 Armour
 - Level 0.7 Dodging
 - Level 6.6 Stealth
 * Level 3.2 Hexes


You had 4 spell levels left.
You knew the following spells:

 Your Spells              Type           Power      Damage    Failure   Level
a - Tukima's Dance        Hex            11%        N/A       19%         3

Your spell library contained the following spells:

 Spells                   Type           Power      Damage    Failure   Level
 Apportation              Tloc           0%         N/A       24%         1
 Necrotise                Necr           0%         1d4       24%         1
 Sting                    Tmut/Pois      0%         1d3       24%         1
 Summon Small Mammal      Summ           0%         N/A       24%         1
 Poisonous Vapours        Pois/Air       0%         N/A       34%         2
 Sublimation of Blood     Necr           0%         N/A       34%         2
 Wereblood                Tmut           0%         N/A       34%         2
 Ignite Poison            Fire/Tmut/Pois 0%         N/A       56%         3
 Kindle Blastsparks       Fire/Tloc/Air  0%         2d10      56%         3
 Olgreb's Toxic Radiance  Pois           0%         N/A       93%         4
 Passage of Golubria      Tloc           0%         N/A       93%         4
 Petrify                  Tmut/Erth      0%         N/A       93%         4
 Metabolic Englaciation   Hex/Ice        2%         N/A       98%         5
 Yara's Violent Unravell  Hex/Tmut       2%         3d3       98%         5
 Freezing Cloud           Conj/Ice/Air   0%         6-21      100%        5
 Statue Form              Tmut/Erth      0%         N/A       100%        6
 Summon Hydra             Summ           0%         N/A       100%        7


Dungeon Overview and Level Annotations

Branches:
Dungeon (7/15) Zot: 26974  Temple (1/1) D:6 Zot: 5989

Altars:
Ashenzari
Elyvilon
Gozag
Makhleb
Okawaru
Uskayaw
Vehumet

Shops:
D:3 *


Innate Abilities, Weirdness & Mutations

You are a tree.
Your roots penetrate the ground, keeping you stationary.
You cannot be teleported.
You are immune to unholy pain and torment.
Your maximum health is greatly increased.
Your equipment is partially melded.
((You have razor-sharp teeth.))
Your natural rate of healing is unusually fast.
When hurt, damage is shared between your health and your magic reserves.
((Your bite disrupts and absorbs the magic of your enemies.))
Potions cannot restore your health.


Message History

You feel invigorated.
You feel sick. The killer bee stings you.
You are more poisoned.
The killer bee poisons you!
The killer bee stings you but does no damage.
You take 3 damage, and have 26/42 hp.
MP restored: 9 You miss the killer bee.
You bite the killer bee. You drain its power.
You feel sick. The killer bee barely misses you. x2
The killer bee stings you but does no damage.
The killer bee closely misses you.
You take 1 damage, and have 25/42 hp.
You are too injured to fight recklessly!
You are too injured to fight recklessly!
You are too injured to fight recklessly!
You are too injured to fight recklessly!
You are too injured to fight recklessly!
You hit the killer bee. Your bite misses the killer bee.
You feel sick. The killer bee barely misses you. The killer bee misses you.
The killer bee stings you but does no damage. x2
You take 1 damage, and have 24/42 hp.
You hit the killer bee. Your bite misses the killer bee.
You feel sick. The killer bee barely misses you.
The killer bee is distracted by your dazzling golden aura.
The killer bee buzzes angrily.
You take 1 damage, and have 23/42 hp.
You hit the killer bee.
You feel better.
You feel sick. The killer bee closely misses you. The killer bee stings you.
You take 4 damage, and have 19/42 hp.
You now have 8/9 mp.
You hit the killer bee.
You feel sick.
The killer bee is no longer distracted by gold. x2
The killer bee barely misses you. x4; The killer bee stings you.
The killer bee barely misses you.
You take 5 damage, and have 14/42 hp.
You now have 6/9 mp.
You miss the killer bee. You bite the killer bee.
You kill the killer bee!
You feel sick. The killer bee barely misses you.
The killer bee closely misses you.
You hit the killer bee.
You feel better. The killer bee barely misses you. x2
The killer bee stings you!
* * * LOW HITPOINT WARNING * * *
You are more poisoned.
The killer bee poisons you! The killer bee closely misses you.
You take 3 damage, and have 11/42 hp.
You now have 4/9 mp.
You miss the killer bee.
You feel very sick.
The killer bee stings you but does no damage.
The killer bee completely misses you. The killer bee barely misses you. x2
You take 3 damage, and have 8/42 hp.
You hit the killer bee.
You feel better.
Your bite misses the killer bee.
You feel sick.
The killer bee is distracted by your dazzling golden aura.
The killer bee barely misses you.
You hit the killer bee.
You bite the killer bee, but do no damage.
You feel sick.
The killer bee stings you but does no damage. x2
Okay, then.
Unknown command.
You completely miss the killer bee.
You feel sick.
The killer bee is distracted by your dazzling golden aura.
You take 1 damage, and have 7/42 hp.
You closely miss the killer bee.
The killer bee is no longer distracted by gold.
Your bite misses the killer bee.
You feel sick. The killer bee closely misses you.
You closely miss the killer bee. Your bite misses the killer bee.
You feel sick.
The killer bee is distracted by your dazzling golden aura.
The killer bee buzzes angrily.
You puncture the killer bee!
The killer bee is no longer distracted by gold.
Your bite misses the killer bee.
You feel sick. The killer bee stings you.
* * * LOW HITPOINT WARNING * * *
You take 3 damage, and have 4/42 hp.
You now have 3/9 mp.
You miss the killer bee. You bite the killer bee.
You kill the killer bee!
The killer bee is no longer distracted by gold.
The killer bee misses you.
The killer bee stings you but does no damage.
You miss the killer bee.
You feel sick. The killer bee stings you.
* * * LOW HITPOINT WARNING * * *
You are lethally poisoned!
The killer bee poisons you! The killer bee stings you.
* * * LOW HITPOINT WARNING * * *
You take 2 damage, and have 3/42 hp.
You now have 1/9 mp.
Unknown command.
You closely miss the killer bee. Your bite misses the killer bee.
* * * LOW HITPOINT WARNING * * *
You feel very sick. The killer bee barely misses you. x2
You take 2 damage, and have 1/42 hp.
Really quaff
P - a potion of lignification {!q}?
Really quaff the potion of lignification?
You turn into a tree.
Your +2 cloak melds into your body.
Your +0 helmet melds into your body.
Your +1 pair of gloves melds into your body.
The +3 ring mail of the Spheres {Int+7} melds into your body.
Your roots penetrate the ground.
You die...
Your body crumbles into a pile of gold.

.........#
........#
.......#
#......#
#......#
#.....<#
#.$$$..#
#..♣y..#
#......#
#.<....#
#......#
########


You could see a killer bee.

Vanquished Creatures
  2 orc warriors (D:6)
  2 black bears
  A phantom (D:5)
  A necrophage (D:5)
  2 bullfrogs (D:6)
  A scorpion (D:5)
  The ghost of soul19 the Ruffian, a weakling TrMo (D:3)
  4 killer bees (D:7)
  A howler monkey (D:4)
  3 hounds
  An orc priest (D:5)
  Crazy Yiuf (D:6)
  An iguana (D:6)
  3 orc wizards
  8 adders
  9 gnolls
  An ufetubus (D:6)
  3 worms
  2 dart slugs
  9 orcs
  4 bats
  6 endoplasms
  4 giant cockroaches
  5 hobgoblins
  5 jackals
  3 quokkas
  5 ball pythons
  2 frilled lizards
  11 goblins
  13 kobolds
  8 rats
122 creatures vanquished.

Vanquished Creatures (others)
  A plant (D:3)
1 creature vanquished.

Grand Total: 123 creatures vanquished

Notes
Turn   | Place    | Note
-------+----------+-------------------------------------------
     0 | D:1      | sokol815 the Vine Stalker Brigand began the quest for the
                  | Orb.
     0 | D:1      | Reached XP level 1. HP: 11/11 MP: 2/2
    22 | D:1      | Reached skill level 5 in Stealth
   224 | D:1      | Reached XP level 2. HP: 14/15 MP: 3/3
   364 | D:1      | Found a faded altar of an unknown god.
   432 | D:1      | Reached skill level 6 in Stealth
   518 | D:1      | Reached XP level 3. HP: 18/18 MP: 4/4
  1272 | D:2      | Reached skill level 2 in Short Blades
  1283 | D:2      | Gained mutation: Your natural rate of healing is unusually
                  | fast. [Vine Stalker growth]
  1283 | D:2      | Reached XP level 4. HP: 13/23 MP: 5/5
  1470 | D:3      | Found Xepileb's Assorted Antiques.
  1742 | D:3      | Found a transporter.
  1743 | D:3      | Found a transporter.
  1795 | D:3      | Reached skill level 3 in Short Blades
  1885 | D:3      | Reached XP level 5. HP: 26/26 MP: 6/6
  2172 | D:3      | Identified the +3 spear of the Loving King {vamp, Str+3
                  | Dex+2}
  2236 | D:3      | Reached skill level 2 in Fighting
  2277 | D:3      | Noticed soul19's ghost (weakling TrMo)
  2323 | D:3      | Killed soul19's ghost
  2324 | D:3      | Reached skill level 1 in Polearms
  2324 | D:3      | Reached XP level 6. HP: 15/32 MP: 4/7
  2574 | D:4      | Noticed a +0 dagger
  2575 | D:4      | Noticed a +0 hand axe
  2578 | D:4      | Found a hide-covered altar of Uskayaw.
  2637 | D:4      | Found a broken altar of Ashenzari.
  2765 | D:4      | Noticed a black bear
  2776 | D:4      | Killed a black bear
  2777 | D:4      | Reached skill level 3 in Fighting
  2777 | D:4      | Reached skill level 2 in Polearms
  3141 | D:4      | Reached skill level 3 in Polearms
  3141 | D:4      | Reached XP level 7. HP: 35/36 MP: 8/8
  3294 | D:5      | Entered Level 5 of the Dungeon
  3369 | D:5      | Reached skill level 4 in Polearms
  3452 | D:5      | Found a white marble altar of Elyvilon.
  3601 | D:5      | Reached skill level 4 in Fighting
  3790 | D:5      | Identified the +3 ring mail of the Spheres {Int+7}
  3806 | D:5      | Learned a level 3 spell: Tukima's Dance
  4089 | D:6      | Gained mutation: You have razor-sharp teeth. [Vine Stalker
                  | growth]
  4089 | D:6      | Reached XP level 8. HP: 42/42 MP: 9/9
  4118 | D:6      | HP: 2/42 [orc warrior/+0 trident (12)]
  4127 | D:6      | HP: 8/42 [orc warrior/+0 trident (4)]
  4206 | D:6      | Reached skill level 5 in Polearms
  4206 | D:6      | Reached skill level 1 in Hexes
  4441 | D:6      | Reached skill level 1 in Armour
  4441 | D:6      | Reached skill level 2 in Hexes
  4491 | D:6      | Found a staircase to the Ecumenical Temple.
  4500 | Temple   | Entered the Ecumenical Temple
  4505 | Temple   | Became a worshipper of Gozag Ym Sagoz the Greedy
  4825 | D:6      | Found a runed translucent door.
  4826 | D:6      | Noticed Crazy Yiuf
  4836 | D:6      | Killed Crazy Yiuf
  4911 | D:7      | Reached skill level 3 in Hexes
  4921 | D:7      | HP: 8/42 [poisoned by a killer bee]
  4926 | D:7      | HP: 7/42 [poisoned by a killer bee]
  4929 | D:7      | HP: 3/42 [killer bee (1)]
  4930 | D:7      | HP: 1/42 [poisoned by a killer bee]
  4931 | D:7      | Succumbed to a killer bee's poison

Illustrated notes

Levels and vault maps discovered:
D:1:      onia_arrival_handbag, layout_basic, ebering_ecumenical_altar_mist,
          kennysheep_boxes
D:2:      layout_rooms
D:3:      layout_loops_ring, serial_shops, nicolae_shop_waterfront,
          gammafunk_ghost_gnarly_gnolls, minmay_misc_feat_chi,
          grunt_ministairs_4
D:4:      layout_loops_corners, mainiacjoe_overflow_cross_hatched,
          dancing_weapons_uskayaw
D:5:      layout_loops_ring, mainiacjoe_overflow_alcove_1
D:6:      layout_cave_pools, minmay_temple_entry_antechambers,
          minmay_misc_feat_pillars, uniq_crazy_yiuf_cottage
D:7:      layout_basic, nemelex_diamond_rough_becter,
          nicolae_ru_sacrificial_ziggurat, grunt_temple_overflow_diamond,
          serial_rivers, chequers_serial_rivers_small_a,
          chequers_serial_rivers_small_3, chequers_serial_rivers_small_b,
          chequers_serial_rivers_small_a, chequers_serial_rivers_micro_e,
          chequers_garden, kennysheep_generic_room_14
Temple:   nicolae_temple_ecumenical_triangle

Skill      XL: |  1  2  3  4  5  6  7  8 |
---------------+-------------------------+-----
Stealth        | 5 6 |  6.6
Short Blades   | 2 3 |  3.6
Fighting       | 2 3 4 |  4.9
Polearms       | 1 3 4 5 |  5.8
Hexes          | 3 |  3.2
Armour         | 1 |  1.7
Throwing       | |  1.7
Dodging        | |  0.7

Action                   |  1- 3 |  4- 6 |  7- 9 || total
-------------------------+-------+-------+-------++-------
Melee: Dagger            |    21 |       |       ||    21
       Bite              |    20 |    47 |    47 ||   114
       Punch             |     1 |     4 |     4 ||     9
       Short sword       |    72 |    85 |       ||   157
       Spear             |       |    72 |   190 ||   262
Throw: Stone             |     3 |       |       ||     3
Evoke: Wand              |       |       |     3 ||     3
  Use: Scroll            |       |    15 |     4 ||    19
       Potion            |       |     1 |     1 ||     2
 Stab: Sleeping          |    13 |     3 |     4 ||    20
       Distracted        |       |     1 |       ||     1
Armor: Robe              |    12 |       |       ||    12
       Scale mail        |    13 |    38 |       ||    51
       Leather armour    |     5 |       |       ||     5
       Ring mail         |       |    28 |    89 ||   117
Dodge: Dodged            |    27 |    62 |    97 ||   186

Table legend: (Time is in decaauts)
 A = Elapsed time spent in this place.
 B = Non-inter-level travel time spent in this place.
 C = Inter-level travel time spent in this place.
 D = Time resting spent in this place.
 E = Time spent auto-exploring this place.
 F = Levels seen in this place.
 G = Mean time per level.
                   A        B        C        D        E       F      G
               +--------+--------+--------+--------+--------+-----+--------+
         Total |   4883 |   4646 |    237 |    105 |   3506 |   8 |  610.4 |
       Dungeon |   4872 |   4640 |    232 |    105 |   3506 |   7 |  696.0 |
        Temple |     10 |      5 |      5 |      0 |      0 |   1 |   10.0 |
               +--------+--------+--------+--------+--------+-----+--------+

Top non-repeatable levels by time:
     D:3: 1077 daAuts
     D:1: 891 daAuts
     D:4: 843 daAuts
     D:5: 808 daAuts
     D:6: 765 daAuts
     D:2: 460 daAuts
     D:7: 25 daAuts
  Temple: 10 daAuts

Table legend:
 A = Kills in this place as a percentage of kills in entire the game.
 B = Kills by you in this place as a percentage of kills by you in the entire game.
 C = Kills by friends in this place as a percentage of kills by friends in the entire game.
 D = Other kills in this place as a percentage of other kills in the entire game.
 E = Experience gained in this place as a percentage of experience gained in the entire game.
 F = Experience gained in this place divided by the number of levels of this place that you have seen.
                   A       B       C       D       E      F
               +-------+-------+-------+-------+-------+----------------------
         Total | 100.0 | 100.0 |   N/A |   N/A | 100.0 | 263.8
       Dungeon | 100.0 | 100.0 |   N/A |   N/A | 100.0 | 301.4
               +-------+-------+-------+-------+-------+----------------------
